AoeStats
← Twix

Arabia

508796317Analyzed
2v2 RM · 7d ago on Sep 24, 2026· 37m 39s· 4 players
Game mode
Random Map
Map size
Medium (4 player)
Population
200
Speed
Normal
Resources
Standard
Victory
Conquest
Starting age
Dark Age
Ending age
Imperial Age
RankedLock teamsTeams togetherTeam positionsShared explorationLock speedFull tech treeHidden civsTurbo modeCheats
Victory
Defeat
🇺🇸 Tatars · United States
1373
+15
🇺🇸 Franks · United States
1373
+15
🇲🇽 Jurchens · Mexico
1347
-15
🇲🇽 Cumans · Mexico
1345
-15
Tormentum
6:35 Loom
8:35 Feudal Age
16:07 Bloodlines
18:53 Horse Collar
23:11 Castle Age
21:15 Stone Mining
22:14 Scale Barding Armor
22:22 Gold Mining
27:09 Husbandry
31:08 Wheelbarrow
37:26 Heavy Plow
37:14 Double-Bit Axe
noryb.drol
3:55 Loom
6:11 Loom
9:21 Feudal Age
14:58 Bloodlines
20:06 Padded Archer Armor
22:37 Castle Age
22:47 Fletching
24:33 Wheelbarrow
24:10 Scale Barding Armor
30:08 Chain Barding Armor
29:53 Town Watch
31:08 Forging
30:32 Elite Skirmisher
34:52 Double-Bit Axe
35:49 Leather Archer Armor
36:14 Bow Saw
Twix
7:01 Loom
9:23 Feudal Age
9:54 Double-Bit Axe
13:37 Town Watch
14:27 Wheelbarrow
22:07 Gold Mining
24:47 Castle Age
23:28 Scale Barding Armor
23:35 Forging
24:50 Light Cavalry
25:51 Chain Barding Armor
25:34 Husbandry
25:49 Bow Saw
27:05 Hand Cart
27:31 Pikeman
31:54 Gold Shaft Mining
33:13 Iron Casting
40:12 Imperial Age
dgekelman
9:20 Feudal Age
9:48 Loom
9:50 Double-Bit Axe
19:45 Gold Mining
22:26 Castle Age
20:52 Fletching
22:43 Padded Archer Armor
22:28 Horse Collar
23:19 Bow Saw
23:15 Bodkin Arrow
23:52 Bloodlines
23:43 Husbandry
27:59 Leather Archer Armor
28:25 Ballistics
29:15 Wheelbarrow
29:39 Town Watch
35:57 Hand Cart
36:08 Masonry
Connection lost

Rejoining the realm…

Still unreachable

The connection could not be restored.

Session expired

The server has moved on; the page needs a fresh start.